 Dungeon Crawl Stone Soup version 0.28-b1-25-g9875b3fc8c (webtiles) character file.

Game seed: 2737543382900990615

5 unlimited1921 the Shield-Bearer (level 1, 0/11 HPs)
             Began as a Vine Stalker Fighter on Feb 1, 2022.
             Slain by a rat (1 damage)
             ... on level 1 of the Dungeon.
             The game lasted 00:01:09 (240 turns).

unlimited1921 the Shield-Bearer (VSFi)               Turns: 240, Time: 00:01:09

Health: 0/11       AC:  6    Str: 18    XL:     1   Next: 80%
Magic:  0/2        EV:  9    Int:  8    God:
Gold:   0          SH:  4    Dex: 13    Spells: 0/0 levels left

rFire   . . .      SeeInvis .   a - +0 war axe
rCold   . . .      Faith    .   c - +0 buckler
rNeg    . . .      Spirit   +   b - +0 scale mail
rPois   .          Reflect  .   (no helmet)
rElec   .          Harm     .   (no cloak)
rCorr   .          Rampage  .   (no gloves)
Will    .....                   (no boots)
Stlth   ..........              (no amulet)
HPRegen 0.03/turn               (no ring)
MPRegen 0.08/turn               (no ring)

@: no status effects
A: fangs 2, magic shield, antimagic bite, no potion heal 2
a: no special abilities


You were on level 1 of the Dungeon.
You visited 1 branch of the dungeon, and saw 1 of its levels.

Inventory:

Hand Weapons
 a - a +0 war axe (weapon)
Armour
 b - a +0 scale mail (worn)
 c - a +0 buckler (worn)
Potions
 d - a potion of might


   Skills:
 + Level 2.8 Fighting
 + Level 1.8 Axes
 + Level 2.5 Armour
 + Level 2.8 Shields


You couldn't memorise any spells.
You didn't know any spells.
Your spell library was empty.

Dungeon Overview and Level Annotations

Branches:
Dungeon (1/15)

Altars:

Shops:
D:1 *


Innate Abilities, Weirdness & Mutations

You have extremely sharp teeth.
When hurt, damage is shared between your health and your magic reserves.
Your bite disrupts and absorbs the magic of your enemies.
Potions cannot restore your health.


Message History

The frilled lizard hisses.
A ball python comes into view.
The ball python hisses angrily.
The ball python bites you but does no damage.
The ball python closely misses you. The ball python bites you.
* * * LOW HITPOINT WARNING * * *
You block the ball python's attack. The ball python bites you.
* * * LOW HITPOINT WARNING * * *
The ball python barely misses you.
A ball python comes into view.
The ball python hisses angrily.
A ball python comes into view.
A bat comes into view.
Found a whip.
The bat hits you but does no damage. The ball python closely misses you.
The ball python grabs you. The ball python constricts you.
You closely miss the bat. You closely miss the ball python.
The ball python hisses angrily.
The bat barely misses you. x2; The bat hits you.
* * * LOW HITPOINT WARNING * * *
You block the ball python's attack. The ball python constricts you.
You escape the ball python's grasp.
The bat hits you but does no damage. The bat hits you but does no damage.
The bat hits you but does no damage. The bat hits you but does no damage.
The bat barely misses you.
The ball python bites you but does no damage.
The ball python grabs you. The ball python constricts you.
You escape the ball python's grasp.
A hobgoblin comes into view.
The hobgoblin shouts!
The bat closely misses you.
A rat comes into view.
Found a scroll labelled MUPOUF TYVE.
The bat hits you but does no damage. The bat barely misses you.
An endoplasm comes into view.
The endoplasm quivers.
The bat hits you but does no damage. The rat bites you.
You die...

.. ##. . ... .. ..
..# ..# #####?... .
.. #...... ..## #.r.♣
... ###@.♣ #. .#.
#.b..♣ ... #.
#######S##.♣# ♣.....
..##
..g....S##..♣♣♣......
....
.....##.............
#... ...J
#.........##.# # #.
... ♣♣...lS......# ##
.. ♣♣...J.....# .
♣♣........#


You could see 2 endoplasms, a bat, 3 ball pythons, a frilled lizard and a rat.

Vanquished Creatures
  A dart slug (D:1)
  A bat (D:1)
  A goblin (D:1)
3 creatures vanquished.

Notes
Turn   | Place    | Note
-------+----------+-------------------------------------------
     0 | D:1      | unlimited1921 the Vine Stalker Fighter began the quest for
                  | the Orb.
     0 | D:1      | Reached XP level 1. HP: 11/11 MP: 2/2
   171 | D:1      | Found Ecuzxumm's Assorted Antiques.
   240 | D:1      | Slain by a rat

Illustrated notes

Levels and vault maps discovered:
D:1:      minmay_arrival_three_doors, layout_rooms, serial_shops,
          nicolae_shop_advertising_works [nicolae_subvault_shop_adworks],
          serial_forest, infiniplex_forest_end_2, infiniplex_forest_zigzag_1,
          infiniplex_forest_lined_2, infiniplex_forest_lined_corner,
          infiniplex_forest_end_double, minmay_stone_trees_small

Action                   || total
-------------------------++-------
Melee: War axe           ||     7
       Bite              ||     2
Armor: Scale mail        ||    19
Dodge: Dodged            ||    19
Block: Buckler           ||     8
